 Dungeon Crawl Stone Soup version 0.31-a0-1469-gd420192249 (webtiles) character file.

Game seed: 2135171352095583490

688 jasper the Ruffian (level 7, -5/94 (106) HPs)
             Began as a Troll Alchemist on Dec 28, 2023.
             Was an Initiate of Gozag.
             Slain by a kobold brigand
             ... wielding a +1 dagger of speed
              (6 damage)
             ... on level 5 of the Dungeon.
             The game lasted 00:06:19 (3503 turns).

jasper the Ruffian (Troll Alchemist)                Turns: 3503, Time: 00:06:20

HP:   -5/94 (106)   AC:  5    Str: 19    XL:     7   Next: 36%
MP:   7/7           EV: 14    Int: 11    God:    Gozag
Gold: 221           SH:  0    Dex: 10    Spells: 7/8 levels left

rFire   . .          .
                       - Unarmed
rCold   . . .        (no shield)
rNeg    . . .        a - +1 robe
rPois   .            (helmet restricted)
rElec   .            (no cloak)
rCorr   .            (gloves unavailable)
SInv    .            (boots unavailable)
Will    .....        (no amulet) Stlth
                     c - +5 ring of evasion
HPRegen 1.15/turn    (no ring)
MPRegen 0.10/turn

%: no passive effects
@: berserking, lethally poisoned (-5 -> -6), slowed, heavily drained
A: large, unfitting armour, claws 3, regeneration 1, shaggy fur 1, tough skin 1
a: Renounce Religion, Potion Petition, Call Merchant, Bribe Branch


You were on level 5 of the Dungeon.
You worshipped Gozag.
Gozag was aware of your devotion.
You visited 1 branch of the dungeon, and saw 5 of its levels.

You collected 612 gold pieces.
You paid 391 gold pieces to Gozag.

Inventory:

Missiles
 e - 36 stones (quivered)
Armour
 a - a +1 robe (worn)
Jewellery
 c - a +5 ring of evasion (left claw)
 k - a ring of magical power
 t - an amulet of reflection
Wands
 r - a wand of paralysis (8)
Scrolls
 d - a scroll of poison
 i - a scroll of teleportation
 j - a scroll of torment
 q - a scroll of blinking
Potions
 b - a potion of magic
 f - 3 potions of lignification
 g - a potion of enlightenment
 h - a potion of haste
 l - a potion of attraction
 m - a potion of berserk rage
 n - a potion of heal wounds {unknown}
 o - 5 potions of curing {unknown}
 p - a potion of brilliance {unknown}
 s - 2 potions of degeneration {unknown}


   Skills:
 + Level 4.5 Fighting
 - Level 1.5 Dodging
 - Level 1.0 Stealth
 + Level 5.5 Unarmed Combat
 - Level 1.2 Spellcasting
 - Level 0.6 Conjurations
 - Level 2.1 Alchemy


You had 7 spell levels left.
You knew the following spells:

 Your Spells              Type           Power      Damage    Failure   Level
a - Sting                 Conj/Alch      12%        1d3       19%         1

Your spell library contained the following spells:

 Spells                   Type           Power      Damage    Failure   Level
 Mercury Vapours          Alch/Air       6%         N/A       30%         2
 Sandblast                Erth           0%         2d4       32%         1
 Summon Small Mammal      Summ           0%         N/A       32%         1
 Mephitic Cloud           Conj/Alch/Air  2%         N/A       54%         3
 Stone Arrow              Conj/Erth      2%         3d7       63%         3
 Call Canine Familiar     Summ           0%         N/A       67%         3
 Passwall                 Erth           0%         N/A       67%         3
 Olgreb's Toxic Radiance  Alch           5%         N/A       77%         4
 Sticky Flame             Fire/Alch      3%         2d4       90%         4
 Brom's Barrelling Bould  Conj/Erth      1%         2d3       95%         4
 Iskenderun's Mystic Bla  Conj/Tloc      1%         2d3       95%         4
 Summon Blazeheart Golem  Fire/Summ      0%         N/A       97%         4
 Metabolic Englaciation   Hex/Ice        0%         N/A       100%        5
 Fire Storm               Conj/Fire      0%         6d1       100%        9


Dungeon Overview and Level Annotations

Branches:
Dungeon (5/15)
 Temple: D:4-7

Altars:
Ashenzari
Gozag
Qazlal
Uskayaw


Innate Abilities, Weirdness & Mutations

You are too large for most types of armour.
You have claws for hands.
Your natural rate of healing is unusually fast.
You are covered in fur. (AC +1)
You have tough skin. (AC +1)


Message History

The kobold brigand misses you.
The kobold brigand hits you with a +2 dagger of draining.
* * * LOW HITPOINT WARNING * * *
You feel drained.
* * * LOW HITPOINT WARNING * * *
You take 11 damage, and have 16/65 hp.
A red film seems to cover your vision as you go berserk!
You feel yourself moving faster!
You feel mighty!
You feel sick.
The kobold brigand hits you with a +1 dagger of speed.
* * * LOW HITPOINT WARNING * * *
The kobold brigand completely misses you.
The kobold brigand hits you with a +2 dagger of draining.
* * * LOW HITPOINT WARNING * * *
You feel drained.
* * * LOW HITPOINT WARNING * * *
The kobold brigand hits you with a +1 dagger of speed!
* * * LOW HITPOINT WARNING * * *
You now have 9/96 hp.
You closely miss the kobold brigand.
You feel sick. The kobold brigand closely misses you.
The kobold brigand hits you with a +1 dagger of speed.
* * * LOW HITPOINT WARNING * * *
You take 3 damage, and have 6/96 hp.
You scratch the kobold brigand.
The kobold brigand is lightly wounded.
You feel sick.
The kobold brigand hits you with a +1 dagger of speed.
* * * LOW HITPOINT WARNING * * *
The kobold brigand hits you with a +2 dagger of draining.
* * * LOW HITPOINT WARNING * * *
You feel drained.
* * * LOW HITPOINT WARNING * * *
You take 5 damage, and have 1/94 hp.
You mangle the kobold brigand!!
The kobold brigand is severely wounded.
* * * LOW HITPOINT WARNING * * *
You feel sick.
The kobold brigand hits you with a +1 dagger of speed.
You die...
Your body crumbles into a pile of gold.

#.# ##.....# #.........##..
##.####....#######........)####
#.....####.................)...
#.....# ####~~~~~<#.#.#######.
#.....## #~~~~~~~~#...#######.
#......######~~≈~~~~~###.....##
#......#=[..###≈######.........
#......#?[...K###...)...#####..
#......#####.K@.......###≈≈≈###
#.........####...######~~≈≈~~~
#.....###....#####...~~~~~~~~~#
####### ####.......#.####~~~###
#########)######## #.[.......#
#.........# #.........#
#.........#


You could see 2 kobold brigands.

Vanquished Creatures
  An ice beast (D:5)
  A centaur (D:5)
  An ogre (D:4)
  2 scorpions (D:4)
  A bombardier beetle (D:5)
  A hound (D:5)
  2 orc priests (D:3)
  6 adders
  4 ufetubi
  A worm (D:3)
  7 dart slugs
  8 orcs
  3 bats
  An endoplasm (D:1)
  3 giant cockroaches
  11 goblins
  13 hobgoblins
  3 jackals
  7 quokkas
  8 ball pythons
  2 frilled lizards (D:3)
  9 kobolds
  7 rats
102 creatures vanquished.

Notes
Turn   | Place    | Note
-------+----------+-------------------------------------------
     0 | D:1      | jasper the Troll Alchemist began the quest for the Orb.
     0 | D:1      | Reached XP level 1. HP: 16/16 MP: 1/1
    38 | D:1      | Reached skill level 1 in Unarmed Combat
    41 | D:1      | Reached XP level 2. HP: 22/26 MP: 2/2
    49 | D:2      | Reached skill level 1 in Fighting
   286 | D:2      | Reached XP level 3. HP: 31/33 MP: 3/3
   470 | D:3      | Reached skill level 2 in Unarmed Combat
   512 | D:3      | Found a broken altar of Ashenzari.
   587 | D:4      | Noticed a scorpion
   593 | D:4      | Killed a scorpion
   594 | D:4      | Reached XP level 4. HP: 29/42 MP: 1/4
   642 | D:4      | Found an opulent altar of Gozag.
   724 | D:4      | Noticed a scorpion
   730 | D:4      | Killed a scorpion
   731 | D:4      | Reached skill level 3 in Unarmed Combat
   731 | D:4      | Reached XP level 5. HP: 43/50 MP: 5/5
   802 | D:4      | Noticed an ogre
   819 | D:4      | Killed an ogre
   820 | D:4      | Reached skill level 4 in Unarmed Combat
   844 | D:4      | Became a worshipper of Gozag Ym Sagoz the Greedy
  1064 | D:1      | Reached XP level 6. HP: 61/61 MP: 6/6
  2362 | D:3      | Got the Atlas of Puissant Graupel
  3046 | D:5      | Entered Level 5 of the Dungeon
  3047 | D:5      | Noticed an ice beast
  3058 | D:5      | Killed an ice beast
  3059 | D:5      | Reached skill level 5 in Unarmed Combat
  3070 | D:5      | Reached XP level 7. HP: 70/70 MP: 7/7
  3126 | D:5      | Found a stormy altar of Qazlal.
  3126 | D:5      | Found a hide-covered altar of Uskayaw.
  3502 | D:5      | HP: 4/96 [kobold brigand/+1 dagger of speed (2)]
  3502 | D:5      | HP: 1/94 [kobold brigand/+2 dagger of draining (1)]
  3503 | D:5      | Slain by a kobold brigand

Illustrated notes

Levels and vault maps discovered:
D:1:      lightli_arrival_boilingwater, layout_rooms
D:2:      kennysheep_six_static_rooms, layout_basic
D:3:      minmay_general_purpose_star, layout_loops_corners,
          evilmike_ruin_ashenzari
D:4:      layout_loops_ring, kennysheep_mini
D:5:      cheibrodos_thug_alley, layout_basic,
          chequers_temple_overflow_statue_of_worship, portal_sewer_entry_b,
          nicolae_concentric_dashed_squares_wild, minmay_misc_feat_pillars

Skill      XL: |  1  2  3  4  5  6 |
---------------+-------------------+-----
Unarmed Combat | 1 2 3 4 5 |  5.5
Fighting       | 1 2 3 4 |  4.5
Dodging        | |  1.5
Stealth        | |  1.0
Spellcasting   | |  1.2
Conjurations   | |  0.6
Alchemy        | |  2.1

Action                     |  1- 3 |  4- 6 |  7- 9 || total
---------------------------+-------+-------+-------++-------
  Melee: Unarmed           |    75 |   172 |    43 ||   290
         Punch             |       |     4 |     2 ||     6
  Throw: Stone             |       |     1 |       ||     1
   Cast: Sting             |     2 |       |       ||     2
 Invoke: Potion Petition   |       |     1 |       ||     1
    Use: Scroll            |       |    14 |     2 ||    16
         Potion            |       |       |     1 ||     1
   Stab: Sleeping          |     3 |     4 |       ||     7
         Distracted        |       |       |     1 ||     1
 Armour: Robe              |    43 |    90 |    33 ||   166
  Dodge: Dodged            |    49 |   128 |    37 ||   214

Table legend: (Time is in decaauts)
 A = Elapsed time spent in this place.
 B = Non-inter-level travel time spent in this place.
 C = Inter-level travel time spent in this place.
 D = Time resting spent in this place.
 E = Time spent auto-exploring this place.
 F = Levels seen in this place.
 G = Mean time per level.
                   A        B        C        D        E       F      G
               +--------+--------+--------+--------+--------+-----+--------+
         Total |   3488 |   3120 |    368 |    102 |   2110 |   5 |  697.6 |
       Dungeon |   3488 |   3120 |    368 |    102 |   2110 |   5 |  697.6 |
               +--------+--------+--------+--------+--------+-----+--------+

Top non-repeatable levels by time:
     D:3: 1194 daAuts
     D:2: 1059 daAuts
     D:1: 477 daAuts
     D:5: 455 daAuts
     D:4: 302 daAuts
